 Dungeon Crawl Stone Soup version 0.31-a0-705-ga145531891 (webtiles) character file.

Game seed: 1295337858746576835

2821 Ofeo the Fighter (level 9, 0/79 HPs)
             Began as a Demonspawn Wanderer on Sept 9, 2023.
             Was a Follower of Wu Jian.
             Slain by a gnoll
             ... wielding a +0 whip
              (2 damage)
             ... on level 6 of the Dungeon.
             The game lasted 00:10:38 (7030 turns).

Ofeo the Fighter (Demonspawn Wanderer)              Turns: 7030, Time: 00:10:38

Health: 0/79       AC:  7    Str: 16    XL:     9   Next: 45%
Magic:  18/18      EV: 10    Int: 11    God:    Wu Jian [*.....]
Gold:   275        SH:  7    Dex: 23    Spells: 8/8 levels left

rFire   . . .        s - +8 falchion of Zoim {vamp, Str+5}
rCold   . . .        d - +1 buckler {AC+3}
rNeg    . . .        f - +0 leather armour
rPois   .            k - +0 helmet
rElec   .            (no cloak)
rCorr   .            (no gloves)
SInv    .            (no boots)
Will    .....        (no amulet)
Stlth   +++          v - ring of magical power
HPRegen 0.33/turn    (no ring)
MPRegen 0.16/turn

%: no passive effects
@: invisible
A: claws 1, thin skeletal structure 1, demonic guardian 2
a: Renounce Religion


You were on level 6 of the Dungeon.
You worshipped Wu Jian.
Wu Jian was aware of your devotion.
You visited 2 branches of the dungeon, and saw 7 of its levels.
You also visited: Ossuary.

You collected 275 gold pieces.

Inventory:

Hand Weapons
 s - the +8 falchion of Zoim (weapon) {vamp, Str+5}
   (You found it on level 3 of the Dungeon)

   Str+5:     It affects your strength (+5).
Missiles
 a - a throwing net
 c - 27 poisoned darts (quivered)
Armour
 d - a +1 buckler of protection (worn)
 f - a +0 leather armour (worn)
 k - a +0 helmet (worn)
Jewellery
 p - a ring of ice
 v - a ring of magical power (left claw)
Wands
 b - a wand of roots (4)
Scrolls
 e - 2 scrolls of blinking {@r4}
 g - 8 scrolls of immolation
 h - 6 scrolls of teleportation {@r3}
 j - a scroll of summoning
 n - 2 scrolls of vulnerability
 t - 5 scrolls of noise
 u - a scroll of fog
 x - 3 scrolls of enchant weapon
 z - a scroll of torment
Potions
 i - a potion of haste {unknown}
 l - a potion of lignification
 q - 2 potions of curing {@q1}
 w - a potion of berserk rage {unknown}
 A - a potion of ambrosia {unknown}
 C - a potion of heal wounds {unknown}
 D - 3 potions of cancellation {unknown}
 I - a potion of invisibility


   Skills:
 - Level 10.4 Fighting
 - Level 4.1 Long Blades
 - Level 1.1 Throwing
 - Level 4.6 Shields
 + Level 6.8 Unarmed Combat


You had 8 spell levels left.
You didn't know any spells.
Your spell library contained the following spells:

 Spells                   Type           Power      Damage    Failure   Level
 Sting                    Tmut/Pois      0%         1d3       50%         1
 Poisonous Vapours        Pois/Air       0%         N/A       63%         2
 Tukima's Dance           Hex            0%         N/A       86%         3
 Olgreb's Toxic Radiance  Pois           0%         N/A       99%         4
 Passage of Golubria      Tloc           0%         N/A       99%         4
 Yara's Violent Unravell  Hex/Tmut       0%         3d3       100%        5


Dungeon Overview and Level Annotations

Branches:
Dungeon (6/15)             Temple (1/1) D:4         Ossuary (visited)

Altars:
Ashenzari
Cheibriados
Dithmenos
Fedhas
Gozag
Hepliaklqana
Kikubaaqudgha
Makhleb
Nemelex Xobeh
Okawaru
Qazlal
Ru
Sif Muna
Trog
Uskayaw
Vehumet
Wu Jian
Xom
Yredelemnul

Annotations:
D:6 1 transporter, cforsyth's ghost, novice DjCK


Innate Abilities, Weirdness & Mutations

You have sharp fingernails.
You have a somewhat thin skeletal structure. (Dex +2, Stealth+)
A demonic guardian rushes to your aid.


Message History

Things that are here:
a +2 vampiric spear; a throwing net The gnoll attacks as it pursues you!
The gnoll hits you but does no damage. The gnoll attacks as it pursues you!
You block the gnoll's attack. The gnoll barely misses you.
You barely miss the gnoll. The gnoll closely misses you.
The gnoll hits you but does no damage. The gnoll closely misses you.
The gnoll sergeant hits you from afar with a +1 spear of freezing!
* * * LOW HITPOINT WARNING * * *
A demonic guardian appears!
The gnoll sergeant freezes you.
* * * LOW HITPOINT WARNING * * *
The gnoll closely misses you. The gnoll attacks as it pursues you!
The gnoll hits you with a +0 whip.
* * * LOW HITPOINT WARNING * * *
The gnoll attacks as it pursues you!
The gnoll hits you from afar with a +0 spear.
* * * LOW HITPOINT WARNING * * *
You take 17 damage, and have 6/79 hp.
MASSIVE DAMAGE!!
You feel better. You block the gnoll's attack.
The gnoll sergeant hits you from afar with a +1 spear of freezing.
* * * LOW HITPOINT WARNING * * *
The gnoll sergeant freezes you.
* * * LOW HITPOINT WARNING * * *
You block the gnoll's attack. The gnoll barely misses you.
Your rust devil barely misses the gnoll.
You take 1 damage, and have 5/79 hp.
You feel better. You block the gnoll's attack.
You block the gnoll sergeant's attack.
The gnoll hits you but does no damage. x2
Your rust devil hits the gnoll.
Your rust devil corrodes the gnoll!
You regained 11 hp, and now have 16/79 hp.
It was a potion of invisibility.
You fade into invisibility!
I - a potion of invisibility The gnoll barely misses you.
The gnoll sergeant hits you from afar with a +1 spear of freezing!
* * * LOW HITPOINT WARNING * * *
The gnoll sergeant freezes you.
* * * LOW HITPOINT WARNING * * *
You block the gnoll's attack. The gnoll hits you with a +0 whip.
You die...

#......#.#...#.#..≈≈.##..#
#.....©#.'.©.'.#©.~~.#...#
#......#.#8⌠8#.#..≈≈.#...###
#..≈≈.##.#####.##.≈≈.#......
#..≈≈.#..#.:.#..#.≈≈.#......
#..≈≈.##g#...#.##.≈≈.....(..
#..≈≈..#.#gg4#.#..≈≈....#...
#..≈≈###)##'##.###≈≈....####
#..≈≈#..ggg@.....#≈≈.....#
#..≈≈#8.###.###.8#≈≈.....#
#..≈≈#..#8###8#.g#≈≈.....###
#..≈≈####.....####≈≈.......#
#..≈≈≈≈≈≈≈≈~≈≈≈≈≈≈≈≈......).
#..≈≈≈≈≈≈≈≈~≈≈≈≈≈≈≈≈........
#....................#......
#....######...#####..#......
#.#### ###..# ##......##


You could see a gnoll sergeant (unable to see you), 4 gnolls and a friendly rust
devil (summoned).

Vanquished Creatures
  A two-headed ogre (D:6)
  6 yaks (D:5)
  A water moccasin (D:6)
  A sky beast (D:6)
  2 ogres
  A gnoll sergeant (D:6)
  A scorpion (D:6)
  A howler monkey (D:5)
  2 human zombies (Ossuary)
  A hound (D:6)
  3 jellies
  5 orc priests
  2 iguanas
  2 orc wizards (D:4)
  2 mummies (Ossuary)
  Robin (D:2)
  12 gnolls
  7 adders
  2 shadow imps
  2 worms
  A dart slug (D:3)
  14 orcs
  6 endoplasms
  A giant cockroach (D:1)
  16 goblins
  3 hobgoblins
  5 jackals (D:4)
  7 kobolds
  2 quokkas
  3 ball pythons
  5 bats
  3 frilled lizards
  A gnoll zombie (Ossuary)
  3 goblin zombies
  A hobgoblin zombie (Ossuary)
  2 orc zombies (Ossuary)
  3 rats
  A rat zombie (D:4)
132 creatures vanquished.

Vanquished Creatures (collateral kills)
  An ogre (D:4)
  An adder (D:2)
  A worm (D:2)
3 creatures vanquished.

Grand Total: 135 creatures vanquished

Notes
Turn   | Place    | Note
-------+----------+-------------------------------------------
     0 | D:1      | Ofeo the Demonspawn Wanderer began the quest for the Orb.
     0 | D:1      | Ofeo set off with the following items: a +0 dagger, 9
                  | poisoned darts, a +0 buckler of protection, a scroll of
                  | blinking {@r4}, a +0 leather armour, a potion of curing
                  | {@q1}.
     0 | D:1      | Reached XP level 1. HP: 19/19 MP: 1/1
   267 | D:1      | Gained mutation: A weak demonic guardian rushes to your
                  | aid. [demonic ancestry]
   267 | D:1      | Reached XP level 2. HP: 25/25 MP: 2/2
  1066 | D:2      | Reached XP level 3. HP: 28/32 MP: 3/3
  1071 | D:2      | Reached skill level 5 in Fighting
  1591 | D:2      | Reached XP level 4. HP: 27/39 MP: 4/4
  1941 | D:2      | Noticed Robin
  1948 | D:2      | Killed Robin
  2290 | D:3      | Reached skill level 6 in Fighting
  2538 | D:3      | Identified the +8 falchion of Zoim {vamp, Str+5}
  2720 | D:5      | Entered Level 5 of the Dungeon
  2789 | D:4      | Noticed an ogre
  2796 | D:4      | Killed an ogre
  2797 | D:4      | Gained mutation: You have a somewhat thin skeletal
                  | structure. (Dex +2, Stealth+) [demonic ancestry]
  2797 | D:4      | Reached XP level 5. HP: 25/46 MP: 5/5
  2799 | D:4      | Found a sand-covered staircase.
  2815 | Ossuary  | Entered an ossuary
  2967 | Ossuary  | Gained mutation: You have sharp fingernails. [demonic
                  | ancestry]
  2967 | Ossuary  | Reached XP level 6. HP: 52/52 MP: 6/6
  3215 | D:4      | Found a staircase to the Ecumenical Temple.
  3287 | D:4      | Reached XP level 7. HP: 37/59 MP: 7/7
  3647 | Temple   | Entered the Ecumenical Temple
  3751 | Temple   | Upgraded the game from 0.31-a0-703-gcfe89afef6 to
                  | 0.31-a0-705-ga145531891
  3829 | Temple   | Became a worshipper of the Wu Jian Council
  3892 | D:5      | Noticed a yak
  3892 | D:5      | Noticed a yak
  3893 | D:5      | Noticed a yak
  3893 | D:5      | Noticed a yak
  3894 | D:5      | Noticed a yak
  3895 | D:5      | Noticed a yak
  3914 | D:5      | Killed a yak
  3915 | D:5      | Reached skill level 7 in Fighting
  3921 | D:5      | Killed a yak
  3922 | D:5      | Reached skill level 8 in Fighting
  3928 | D:5      | Killed a yak
  3929 | D:5      | Reached XP level 8. HP: 36/70 MP: 8/8
  3935 | D:5      | Reached skill level 9 in Fighting
  3953 | D:5      | Reached skill level 10 in Fighting
  4296 | D:5      | Reached skill level 1 in Unarmed Combat
  5004 | D:5      | Reached * piety under Wu Jian
  5613 | D:6      | Gained mutation: A demonic guardian rushes to your aid.
                  | [demonic ancestry]
  5613 | D:6      | Reached XP level 9. HP: 60/79 MP: 9/9
  5746 | D:6      | Reached skill level 5 in Unarmed Combat
  5946 | D:6      | Noticed a two-headed ogre
  6193 | D:6      | Killed a two-headed ogre
  6540 | D:6      | Found a transporter.
  6546 | D:6      | Identified the +3 ring mail "Omuycudeno" {rC+}
  6941 | D:6      | Noticed cforsyth's ghost (novice DjCK)
  6975 | D:6      | Found a transporter.
  7030 | D:6      | HP: 2/79 [gnoll sergeant/+1 spear of freezing (2)]
  7030 | D:6      | Slain by a gnoll

Illustrated notes

Levels and vault maps discovered:
D:1:      psy_arrival_dodecagon, layout_loops_cross
D:2:      layout_basic, uniq_robin
D:3:      layout_rooms, mainiacjoe_overflow_surrounded_room
D:4:      layout_rooms, minmay_temple_entry_proselytizer, enter_ossuary_4
D:5:      layout_basic
D:6:      layout_layer_cave, gammafunk_ghost_gnarly_gnolls,
          chequers_serial_rivers_small_a
Temple:   compressed_dpeg_triangle_lava_temple

Skill      XL: |  1  2  3  4  5  6  7  8  9 |
---------------+----------------------------+-----
Fighting       | 5 6 8 10 | 10.4
Long Blades    | 2 3 4 |  4.1
Unarmed Combat | 4 6 |  6.8
Throwing       | |  1.1
Shields        | |  4.6

Action                     |  1- 3 |  4- 6 |  7- 9 || total
---------------------------+-------+-------+-------++-------
  Melee: Dagger            |    51 |       |       ||    51
         Falchion          |       |    91 |   165 ||   256
   Fire: Sling             |    87 |    68 |       ||   155
  Throw: Dart              |       |       |     3 ||     3
Ability: Lunge             |       |       |    14 ||    14
         Whirlwind         |       |       |     9 ||     9
  Evoke: Wand              |       |       |     1 ||     1
    Use: Scroll            |     3 |     4 |     3 ||    10
         Potion            |       |       |     5 ||     5
   Stab: Sleeping          |       |     4 |       ||     4
         Distracted        |       |       |     2 ||     2
 Armour: Leather armour    |    48 |    71 |   120 ||   239
  Dodge: Dodged            |    34 |    55 |    70 ||   159
  Block: Buckler           |    25 |    41 |    53 ||   119

Table legend: (Time is in decaauts)
 A = Elapsed time spent in this place.
 B = Non-inter-level travel time spent in this place.
 C = Inter-level travel time spent in this place.
 D = Time resting spent in this place.
 E = Time spent auto-exploring this place.
 F = Levels seen in this place.
 G = Mean time per level.
                   A        B        C        D        E       F      G
               +--------+--------+--------+--------+--------+-----+--------+
         Total |   7142 |   6844 |    298 |    128 |   5371 |   8 |  892.8 |
       Dungeon |   6669 |   6385 |    284 |     71 |   5276 |   6 | 1111.5 |
        Temple |    195 |    182 |     13 |      0 |      0 |   1 |  195.0 |
       Ossuary |    277 |    277 |      0 |     57 |     95 |   1 |  277.0 |
               +--------+--------+--------+--------+--------+-----+--------+

Top non-repeatable levels by time:
     D:6: 1680 daAuts
     D:5: 1516 daAuts
     D:2: 1122 daAuts
     D:1: 1009 daAuts
     D:4: 681 daAuts
     D:3: 658 daAuts
 Ossuary: 277 daAuts
  Temple: 195 daAuts
